 Dungeon Crawl Stone Soup version 0.29.0 (webtiles) character file.

Game seed: 10065932157157203864

33 thesequoiad the Trooper (level 3, -5/34 HPs)
             Began as a Minotaur Fighter on Aug 30, 2022.
             Slain by a gnoll
             ... wielding a +0 halberd
              (14 damage)
             ... on level 2 of the Dungeon.
             The game lasted 00:02:43 (992 turns).

thesequoiad the Trooper (Minotaur Fighter)           Turns: 992, Time: 00:02:43

Health: -5/34      AC:  8    Str: 22    XL:     3   Next: 12%
Magic:  2/2        EV:  9    Int:  9    God:
Gold:   50         SH:  6    Dex: 13    Spells: 2/2 levels left

rFire   . . .      SeeInvis .   j - +5 falchion "Fotzewne" {venom, Int+4 Dex+4}
rCold   . . .      Faith    .   c - +1 buckler
rNeg    . . .      Spirit   .   b - +0 scale mail
rPois   .          Reflect  .   (helmet restricted)
rElec   .          Harm     .   (no cloak)
rCorr   .          Rampage  .   g - +0 pair of gloves
Will    .....                   (no boots)
Stlth   ..........              (no amulet)
HPRegen 0.11/turn               (no ring)
MPRegen 0.08/turn               (no ring)

@: no status effects
A: horns 2, retaliatory headbutt
a: no special abilities


You were on level 2 of the Dungeon.
You visited 1 branch of the dungeon, and saw 2 of its levels.

You collected 50 gold pieces.

Inventory:

Hand Weapons
 a - a +0 war axe
 j - the +5 falchion "Fotzewne" (weapon) {venom, Int+4 Dex+4}
   (You found it on level 2 of the Dungeon)

   It poisons the flesh of those it strikes.
   Int:       It affects your intelligence (+4).
   Dex:       It affects your dexterity (+4).
Missiles
 f - 2 poisoned darts (quivered)
Armour
 b - a +0 scale mail (worn)
 c - a +1 buckler (worn)
 g - a +0 pair of gloves (worn)
Scrolls
 e - 2 scrolls of identify {unknown}
 h - a scroll of teleportation {unknown}
 i - a scroll of magic mapping {unknown}
Potions
 d - a potion of might


   Skills:
 + Level 4.4 Fighting
 * Level 3.6 Axes
 - Level 3.6 Armour
 - Level 3.6 Shields


You had 2 spell levels left.
You didn't know any spells.
Your spell library was empty.

Dungeon Overview and Level Annotations

Branches:
Dungeon (2/15)

Altars:


Innate Abilities, Weirdness & Mutations

You have a pair of horns on your head.
You reflexively headbutt those who attack you in melee.


Message History

3 gnolls come into view.
A gnoll is wielding a +0 halberd of protection.
Found a stone staircase leading down.
The gnoll shouts! x3
You block the gnoll's attack.
Found a spear.
You see here the +5 falchion "Fotzewne" {venom, Int+4 Dex+4}.
j - the +5 falchion "Fotzewne" {venom, Int+4 Dex+4} The gnoll closely misses you.
You feel clever.
You feel agile.
The +5 falchion "Fotzewne" {venom, Int+4 Dex+4} begins to drip with poison!
j - the +5 falchion "Fotzewne" (weapon)
{venom, Int+4 Dex+4} The gnoll barely misses you.
The gnoll hits you from afar with a +0 halberd.
You hit the gnoll.
The gnoll is poisoned.
The gnoll is lightly wounded.
The gnoll hits you with a +0 halberd of protection.
The gnoll hits you from afar with a +0 halberd.
You hit the gnoll.
The gnoll looks as sick as possible!
The gnoll is moderately wounded.
The gnoll closely misses you. You furiously retaliate!
You headbutt the gnoll. The gnoll closely misses you.
The gnoll hits you with a +0 halberd of protection.
The gnoll hits you from afar with a +0 halberd.
You hit the gnoll.
You kill the gnoll!
The gnoll throws a throwing net.
You block the throwing net.
You have reached level 3!
Your experience leads to an increase in your attributes!
Your base attributes are Str 20, Int 5, Dex 9.
Increase (S)trength, (I)ntelligence, or (D)exterity?
You feel stronger. x2
The gnoll hits you with a +0 halberd.
You see here a +0 halberd of protection.
You slash the gnoll!
The gnoll is poisoned.
The gnoll is heavily wounded.
The gnoll hits you with a +0 halberd.
* * * LOW HITPOINT WARNING * * *
The gnoll hits you with a +0 halberd!
You die...

#.#.#######.# #.##.#
####.#.###...#.########.##.#
.....#...#...........##.##.#
########.#...#.#####.##g##.####
#.##.##.# #...........
#.##.##.# ####g##.####
#.......# #.##.#
#..###..########.##.### #..#
#..(@gg..........).
##.###.#################
#.....# #######


You could see 2 gnolls.

Vanquished Creatures
  A gnoll (D:2)
  6 endoplasms (D:1)
  A goblin (D:1)
  3 hobgoblins (D:1)
  2 jackals (D:1)
  A quokka (D:1)
  3 ball pythons (D:1)
  A bat (D:1)
  A frilled lizard (D:1)
  2 rats (D:1)
21 creatures vanquished.

Notes
Turn   | Place    | Note
-------+----------+-------------------------------------------
     0 | D:1      | thesequoiad the Minotaur Fighter began the quest for the
                  | Orb.
     0 | D:1      | Reached XP level 1. HP: 19/19 MP: 0/0
   271 | D:1      | Found a faded altar of an unknown god.
   291 | D:1      | Reached skill level 4 in Fighting
   296 | D:1      | Reached XP level 2. HP: 27/27 MP: 1/1
   901 | D:2      | Identified the +5 falchion "Fotzewne" {venom, Int+4 Dex+4}
   991 | D:2      | Reached XP level 3. HP: 15/34 MP: 2/2
   992 | D:2      | Slain by a gnoll

Illustrated notes

Levels and vault maps discovered:
D:1:      saegor_arrival_simple_a, layout_basic,
          hellmonk_ecumenical_altar_heavens_door, serial_corexii_hall,
          corexii_hall_statues_x, chequers_hall_statues_y, minmay_tetromino_t2
D:2:      layout_loops_ring

Skill      XL: |  1  2 |
---------------+-------+-----
Fighting       | 4 |  4.4
Axes           | 3 |  3.6
Armour         | |  3.6
Shields        | |  3.6

Action                   || total
-------------------------++-------
Melee: War axe           ||    34
       Headbutt          ||     4
       Falchion          ||     4
  Use: Scroll            ||     3
Armor: Scale mail        ||     9
Dodge: Dodged            ||    21
Block: Buckler           ||     9
